AoeStats
← MostImmortal

Arabian Desert

509889623Analyzed
1v1 RM · 2d ago on Sep 28, 2026· 52m 35s· 2 players
Game mode
Random Map
Map size
Tiny (2 player)
Population
200
Speed
Normal
Resources
Standard
Victory
Conquest
Starting age
Dark Age
Ending age
Imperial Age
RankedLock teamsTeams togetherTeam positionsShared explorationLock speedFull tech treeHidden civsTurbo modeCheats
Victory
Defeat
🇨🇭 Varangians · Switzerland
1223
+14
🇦🇺 Romans · Australia
1178
-18
MostImmortal
6:51 Loom
9:27 Feudal Age
10:48 Double-Bit Axe
11:05 Horse Collar
14:31 Bloodlines
22:34 Castle Age
22:05 Stone Mining
24:25 Forging
25:09 Murder Holes
34:38 Gold Mining
37:29 Wheelbarrow
39:04 Husbandry
39:51 Fletching
44:28 Imperial Age
42:35 Town Watch
43:42 Hand Cart
45:15 Scale Barding Armor
45:46 Iron Casting
45:44 Conscription
45:31 Bodkin Arrow
48:37 Pikeman
49:19 Squires
50:24 Blast Furnace
49:25 Scale Mail Armor
49:48 Chain Barding Armor
49:29 Bracer
50:32 Halberdier
51:15 Elite Jarl
TheFarmer!
6:17 Loom
8:59 Feudal Age
9:28 Man-at-Arms
12:48 Scale Mail Armor
21:17 Castle Age
21:37 Long Swordsman
23:58 Chain Mail Armor
25:27 Forging
26:38 Squires
33:12 Iron Casting
33:18 Wheelbarrow
34:50 Scale Barding Armor
35:04 Double-Bit Axe
38:32 Imperial Age
36:36 Fletching
37:38 Bodkin Arrow
38:04 Pikeman
40:18 Blast Furnace
40:06 Conscription
40:07 Chain Barding Armor
41:55 Bloodlines
41:47 Husbandry
42:08 Bow Saw
43:15 Plate Barding Armor
44:51 Gold Mining
45:11 Heavy Scorpion
46:56 Chemistry
46:32 Ballistics
46:02 Halberdier
48:09 Cavalier
49:16 Comitatenses
Connection lost

Rejoining the realm…

Still unreachable

The connection could not be restored.

Session expired

The server has moved on; the page needs a fresh start.